 Dungeon Crawl Stone Soup version 0.32-a0-859-gb0a091d592 (webtiles) character file.

Game seed: 69528656713009184

8635 Nilihum the Bludgeoner (level 11, -9/97 HPs)
             Began as a Minotaur Cinder Acolyte on Mar 28, 2024.
             Was a High Priest of Ignis.
             Killed from afar by a gargoyle (18 damage)
             ... with a stone arrow
             ... on level 10 of the Dungeon.
             The game lasted 00:12:38 (10448 turns).

Nilihum the Bludgeoner (Minotaur Cinder Acolyte)   Turns: 10448, Time: 00:12:40

Health: -9/97      AC: 13    Str: 23    XL:     11   Next: 12%
Magic:  11/11      EV:  6    Int: 11    God:    Ignis [*****.]
Gold:   652        SH:  0    Dex:  6    Spells: 12/12 levels left

rFire   + . .        d - +1 flail (heavy)
rCold   . . .        (no shield)
rNeg    . . .        b - +0 plate armour
rPois   +            (helmet restricted)
rElec   .            (no cloak)
rCorr   .            (no gloves)
SInv    .            (no boots)
Will    +....        e - amulet of regeneration Stlth
                     i - ring of willpower
HPRegen 1.16/turn    v - ring of poison resistance
MPRegen 0.12/turn

%: no passive effects
@: no status effects
A: horns 2, retaliatory headbutt
a: Renounce Religion, Fiery Armour, Foxfire Swarm, Rising Flame


You were on level 10 of the Dungeon.
You worshipped Ignis.
Ignis was extremely pleased with you.
You visited 1 branch of the dungeon, and saw 10 of its levels.

You collected 652 gold pieces.

Inventory:

Hand Weapons
 a - a -1 mace of flaming
 d - a +1 heavy flail (weapon)
Armour
 b - a +0 plate armour (worn)
Jewellery
 e - an amulet of regeneration (around neck)
 f - a +5 ring of evasion
 h - a ring of protection from cold
 i - a ring of willpower (left hand)
 j - a ring of willpower
 k - a ring of magical power
 l - a +5 ring of evasion
 n - a +4 ring of slaying
 v - a ring of poison resistance (right hand)
Wands
 m - a wand of flame (10)
 q - a wand of acid (7)
 z - a wand of charming (6)
Scrolls
 r - a scroll of enchant armour
 x - a scroll of identify
 y - 2 scrolls of teleportation
 A - a scroll of revelation
 B - a scroll of fog
Potions
 c - a potion of heal wounds
 g - 2 potions of mutation
 o - a potion of magic
 p - a potion of lignification
 s - 2 potions of attraction {unknown}
 u - a potion of brilliance
 w - a potion of enlightenment {unknown}
Miscellaneous
 t - a phantom mirror


   Skills:
 + Level 9.6 Fighting
 - Level 16.0 Maces & Flails
 + Level 8.7 Armour
 - Level 1.0 Spellcasting
 - Level 2.1 Fire Magic
 + Level 3.3 Evocations


You had 12 spell levels left.
You didn't know any spells.
Your spell library contained the following spells:

 Spells                   Type           Power      Damage    Failure   Level
 Scorch                   Fire           10%        2d5       95%         2
 Freeze                   Ice            0%         1d3       99%         1
 Magic Dart               Conj           0%         1d3       99%         1
 Blink                    Tloc           0%         N/A       100%        2
 Call Imp                 Summ           0%         N/A       100%        2
 Mercury Vapours          Alch/Air       0%         N/A       100%        2
 Searing Ray              Conj           0%         2d4       100%        2
 Sublimation of Blood     Necr           0%         N/A       100%        2
 Mephitic Cloud           Conj/Alch/Air  0%         N/A       100%        3
 Ozocubu's Armour         Ice            0%         N/A       100%        3
 Flame Wave               Conj/Fire      2%         2d4       100%        4
 Fulminant Prism          Conj/Alch      0%         3d5       100%        4
 Ignite Poison            Fire/Alch      2%         N/A       100%        4
 Sticky Flame             Fire/Alch      2%         2d4       100%        4
 Freezing Cloud           Conj/Ice/Air   0%         6-21      100%        5
 Summon Hydra             Summ           0%         N/A       100%        7
 Ignition                 Fire           2%         3d3       100%        8


Dungeon Overview and Level Annotations

Branches:
Dungeon (10/15)            Temple (0/1) D:6
   Lair: D:8-11         Orc: D:9-12

Altars:
Cheibriados
Elyvilon
Fedhas
Gozag
Hepliaklqana
Makhleb
Okawaru
Qazlal
Sif Muna
Trog
Xom

Shops:
D:7 (

Annotations:
D:4 1 runed translucent door, Subbak's ghost, novice CoAr
D:7 3 runed translucent doors, Flippered's ghost, novice MiFi
D:9 2 transporters, Takeo's ghost, novice CoHu


Innate Abilities, Weirdness & Mutations

You have a pair of horns on your head.
You reflexively headbutt those who attack you in melee.


Message History

The gargoyle hurls a stone arrow at you.
The stone arrow hits you.
You hit the gargoyle.
The gargoyle is lightly damaged.
A shadow comes into view.
The gargoyle hits you with a +0 dire flail!
You hit the gargoyle but do no damage.
The gargoyle is lightly damaged.
Something hits you but does no damage.
Deactivating autopickup; reactivate with Ctrl-A.
The gargoyle hits you with a +0 dire flail.
You hit the gargoyle but do no damage.
The gargoyle is lightly damaged.
Something hits you but does no damage.
The gargoyle hits you with a +0 dire flail.
You barely miss the gargoyle.
You headbutt the gargoyle, but do no damage.
The gargoyle is lightly damaged.
Something hits you. The gargoyle barely misses you.
You sock the gargoyle!
The gargoyle is heavily damaged.
Something hits you but does no damage. x2
The gargoyle hurls a stone arrow at you.
The stone arrow hits you!!
You hit the gargoyle. Your headbutt misses the gargoyle.
The gargoyle is severely damaged.
Something hits you!
The gargoyle hurls a stone arrow at you.
The stone arrow hits you!
* * * LOW HITPOINT WARNING * * *
The gargoyle attacks as it pursues you!
The gargoyle hits you with a +0 dire flail!
* * * LOW HITPOINT WARNING * * *
Something hits you!
* * * LOW HITPOINT WARNING * * *
Something hits you but does no damage.
The gargoyle hurls a stone arrow at you.
The stone arrow hits you!!
You die...
Ignis goes out, and joins you in death.

#.......# #
########.##
..#....###.#
..'....9...#
.......########
...............
...............
.......9##########
#
.......W.@..).>..#
####
........########.#
.... .....(..# #.#
##### ..[.....#
#.#####...#
#####...#
#.........' #...#
##.#####...# #####
#..........#
#..........#
#.......####


You could see a gargoyle and a shadow.

Vanquished Creatures
  2 centaur warriors (D:8)
  A manticore (D:9)
  A deep elf pyromancer (D:8)
  An unseen horror (D:10)
  Jeremiah (D:7)
  Prince Ribbit (D:7)
  A slime creature (D:8)
  A wyvern (D:9)
  6 yaks
  Menkaure (D:3)
  Edmund (D:4)
  4 water moccasins
  An acid dragon (D:10)
  Duvessa (D:7)
  7 orc warriors
  2 sky beasts
  A black bear (D:4)
  2 laughing skulls (D:10)
  An ice beast (D:6)
  2 ogres (D:5)
  2 centaurs
  A phantom (D:6)
  5 bullfrogs
  2 scorpions
  4 wights (D:7)
  Dowan (D:7)
  16 killer bees
  A howler monkey (D:4)
  3 hounds
  7 orc priests
  3 jellies
  Jessica (D:2)
  4 iguanas
  8 orc wizards
  Robin (D:1)
  6 adders
  A shadow imp (D:7)
  5 dart slugs
  2 ribbon worms
  37 orcs
  6 ball pythons
  8 endoplasms
  2 giant cockroaches
  14 goblins
  5 hobgoblins
  3 jackals (D:3)
  2 quokkas (D:1)
  8 bats
  A frilled lizard (D:2)
  6 kobolds
  6 rats
209 creatures vanquished.

Vanquished Creatures (others)
  An orc wizard (D:10)
  An orc (D:3)
2 creatures vanquished.

Grand Total: 211 creatures vanquished

Notes
Turn   | Place    | Note
-------+----------+-------------------------------------------
     0 | D:1      | Nilihum the Minotaur Cinder Acolyte began the quest for the
                  | Orb.
     0 | D:1      | Reached XP level 1. HP: 19/19 MP: 1/1
    92 | D:1      | Reached skill level 4 in Maces & Flails
   110 | D:1      | Reached XP level 2. HP: 26/26 MP: 2/2
   388 | D:1      | Reached skill level 5 in Maces & Flails
   693 | D:2      | Noticed Robin
   697 | D:1      | Reached XP level 3. HP: 31/31 MP: 3/3
  1036 | D:1      | Killed Robin
  1408 | D:2      | Noticed Jessica
  1414 | D:2      | Killed Jessica
  1415 | D:2      | Reached skill level 6 in Maces & Flails
  1415 | D:2      | Reached XP level 4. HP: 36/38 MP: 4/4
  1774 | D:3      | Found a shimmering blue altar of Sif Muna.
  1961 | D:3      | Noticed an orc warrior
  2009 | D:3      | Killed an orc warrior
  2010 | D:3      | Reached skill level 7 in Maces & Flails
  2010 | D:3      | Reached XP level 5. HP: 33/45 MP: 5/5
  2035 | D:3      | Reached skill level 8 in Maces & Flails
  2315 | D:3      | Found a snail-covered altar of Cheibriados.
  2477 | D:4      | Reached XP level 6. HP: 51/51 MP: 6/6
  2723 | D:4      | Found a blossoming altar of Fedhas.
  2724 | D:4      | Found a stormy altar of Qazlal.
  2744 | D:4      | Noticed Edmund
  2764 | D:4      | Killed Edmund
  2765 | D:4      | Reached skill level 9 in Maces & Flails
  2817 | D:4      | Found a runed translucent door.
  2832 | D:4      | Noticed Subbak's ghost (novice CoAr)
  2945 | D:4      | Reached skill level 10 in Maces & Flails
  2945 | D:4      | Reached XP level 7. HP: 38/57 MP: 7/7
  3037 | D:4      | Noticed Menkaure
  3524 | D:3      | Killed Menkaure
  3918 | D:5      | Entered Level 5 of the Dungeon
  4113 | D:5      | Reached skill level 11 in Maces & Flails
  4308 | D:5      | Reached XP level 8. HP: 64/64 MP: 8/8
  4457 | D:5      | Found a burning altar of Makhleb.
  4458 | D:5      | Noticed a cacodemon
  4836 | D:6      | Reached skill level 12 in Maces & Flails
  4859 | D:6      | Found a staircase to the Ecumenical Temple.
  5191 | D:6      | Reached skill level 13 in Maces & Flails
  5595 | D:6      | Found an iron altar of Okawaru.
  5732 | D:6      | Reached skill level 14 in Maces & Flails
  5735 | D:6      | Reached XP level 9. HP: 64/70 MP: 9/9
  6019 | D:7      | Noticed Prince Ribbit
  6023 | D:7      | Killed Prince Ribbit
  6074 | D:7      | Reached skill level 15 in Maces & Flails
  6090 | D:7      | Noticed Jeremiah
  6096 | D:7      | Killed Jeremiah
  6124 | D:7      | Found Hoongaf's Weapon Shop.
  6307 | D:7      | Noticed Duvessa
  6317 | D:7      | Killed Duvessa
  6318 | D:7      | Noticed Dowan
  6332 | D:7      | Killed Dowan
  6333 | D:7      | Reached skill level 16 in Maces & Flails
  6440 | D:7      | Found a runed translucent gate.
  6440 | D:7      | Found a runed translucent gate.
  6440 | D:7      | Found a runed translucent gate.
  6441 | D:7      | Noticed Flippered's ghost (novice MiFi)
  6441 | D:7      | Noticed a spectral unseen horror
  6457 | D:7      | Reached skill level 1 in Armour
  6468 | D:7      | Found a white marble altar of Elyvilon.
  6657 | D:7      | Found a shimmering altar of Xom.
  6658 | D:7      | Found a hazy altar of Hepliaklqana.
  6659 | D:7      | Noticed a spectral ugly thing
  6894 | D:8      | Noticed a centaur warrior
  6946 | D:8      | Reached skill level 5 in Fighting
  6973 | D:8      | Noticed a deep elf pyromancer
  7167 | D:8      | Found an opulent altar of Gozag.
  7410 | D:8      | Noticed a centaur warrior
  7653 | D:8      | Killed a centaur warrior
  7654 | D:8      | Reached skill level 5 in Armour
  7654 | D:8      | Reached XP level 10. HP: 67/84 MP: 10/10
  7655 | D:8      | Killed a centaur warrior
  7840 | D:8      | Got Vv's Atlas of Cinders and Hail
  7910 | D:8      | Killed a deep elf pyromancer
  8293 | D:9      | Noticed a manticore
  8600 | D:9      | Killed a manticore
  8994 | D:9      | Noticed a centaur warrior
  9023 | D:9      | Reached skill level 1 in Evocations
  9298 | D:9      | Found a transporter.
  9299 | D:9      | Noticed Takeo's ghost (novice CoHu)
  9393 | D:9      | Found a transporter.
  9601 | D:10     | Entered Level 10 of the Dungeon
  9889 | D:10     | Reached XP level 11. HP: 89/97 MP: 11/11
 10215 | D:10     | Found a bloodstained altar of Trog.
 10448 | D:10     | Killed from afar by a gargoyle

Illustrated notes

Levels and vault maps discovered:
D:1:      lightli_arrival_farm, layout_basic, minmay_misc_feat_roman,
          st_stairs_11, minmay_3d_cube
D:2:      layout_basic, minmay_fountain_box, uniq_jessica, uniq_robin
D:3:      layout_basic, kennysheep_slug_shrine, hellmonk_sif_muna_bookshelves,
          serial_corexii_hall, corexii_hall_statues_x,
          chequers_hall_statues_wall_a, chequers_hall_statues_corner_a,
          corexii_hall_statues_u
D:4:      black_bear_nest_2, layout_basic,
          grunt_temple_overflow_forces_of_nature,
          hellmonk_ghost_happy_afterlife, minmay_unequal, uniq_edmund,
          uniq_menkaure
D:5:      layout_loops_ring, makhleb_altar_promises_db
D:6:      layout_loops_ring, amcnicky_altar_gilded, temple_pool_b, serial_glass,
          glass_columns_a, glass_columns_a
D:7:      layout_rooms, regret_index_temple_of_mockery, elyvilon_altar_5,
          gammafunk_ghost_necromancy, serial_shops, shop_fountains,
          minivault_19, minmay_misc_feat_pillars, uniq_prince_ribbit1,
          uniq_jeremiah, uniq_duvessa
D:8:      layout_loops_ring, general_overflow_altar, minmay_diamond_spiral
D:9:      layout_basic, nzn_ghost_randoct, serial_bayou_pond_c
D:10:     layout_basic, bloody_trog, grunt_temple_overflow_open

Skill      XL: |  1  2  3  4  5  6  7  8  9 10 11 |
---------------+----------------------------------+-----
Maces & Flails | 4 5 6 7 8 10 11 14 16 | 16.0
Fighting       | 6 9 |  9.6
Armour         | 5 8 |  8.7
Evocations     | 2 3 |  3.3
Spellcasting   | |  1.0
Fire Magic     | |  2.1

Action                     |  1- 3 |  4- 6 |  7- 9 | 10-12 || total
---------------------------+-------+-------+-------+-------++-------
  Melee: Mace              |    88 |    56 |       |       ||   144
         Headbutt          |     7 |    15 |    28 |    31 ||    81
         Flail             |       |    66 |   235 |   168 ||   469
  Evoke: Wand              |       |     1 |     1 |     8 ||    10
    Use: Scroll            |       |     6 |     9 |     4 ||    19
         Potion            |       |     3 |     3 |     1 ||     7
   Stab: Invisible         |       |     2 |       |       ||     2
         Confused          |       |     1 |       |       ||     1
 Armour: Robe              |     9 |       |       |       ||     9
         Leather armour    |    66 |       |       |       ||    66
         Scale mail        |       |   135 |    62 |       ||   197
         Chain mail        |       |       |   210 |    21 ||   231
         Plate armour      |       |       |       |   190 ||   190
  Dodge: Dodged            |    71 |    71 |   105 |    53 ||   300

Table legend: (Time is in decaauts)
 A = Elapsed time spent in this place.
 B = Non-inter-level travel time spent in this place.
 C = Inter-level travel time spent in this place.
 D = Time resting spent in this place.
 E = Time spent auto-exploring this place.
 F = Levels seen in this place.
 G = Mean time per level.
                   A        B        C        D        E       F      G
               +--------+--------+--------+--------+--------+-----+--------+
         Total |  10584 |  10248 |    336 |   3083 |   5347 |  10 | 1058.4 |
       Dungeon |  10584 |  10248 |    336 |   3083 |   5347 |  10 | 1058.4 |
               +--------+--------+--------+--------+--------+-----+--------+

Top non-repeatable levels by time:
     D:8: 1876 daAuts
     D:3: 1194 daAuts
     D:6: 1194 daAuts
     D:4: 1114 daAuts
     D:1: 1070 daAuts
     D:9: 928 daAuts
    D:10: 850 daAuts
     D:7: 816 daAuts
     D:5: 807 daAuts
     D:2: 732 daAuts
